 Dungeon Crawl Stone Soup version 0.24-a0-378-g94936e539c (webtiles) character file.

Game seed: 3193522150003069243

459 Laiders72 the Firebug (level 6, -5/45 HPs)
             Began as a Draconian Fire Elementalist on June 1, 2019.
             Killed by nerve-wracking pain
             ... invoked by an orc priest
              (10 damage)
             ... on level 4 of the Dungeon.
             The game lasted 00:16:42 (4876 turns).

Laiders72 the Firebug (Draconian Fire Elementalist) Turns: 4876, Time: 00:16:42

Health: -5/45      AC:  6    Str: 10    XL:     6   Next: 78%
Magic:  4/12       EV: 12    Int: 18    God:
Gold:   202        SH:  0    Dex: 11    Spells: 7/13 levels left

rFire    . . .     SeeInvis .   n - +1 mace (venom)
rCold    . . .     Gourm    .   (no shield)
rNeg     . . .     Faith    .   (armour unavailable)
rPois    .         Spirit   .   (helmet restricted)
rElec    .         Reflect  .   (no cloak)
rCorr    .         Harm     .   (no gloves)
MR       .....                  (no boots)
Stlth    +++.......             (no amulet)
HPRegen  0.15/turn              h - ring of stealth
MPRegen  0.13/turn              (no ring)

@: no status effects
A: unfitting armour, cold-blooded, AC +6
a: no special abilities


You were on level 4 of the Dungeon.
You were very hungry.

You visited 1 branch of the dungeon, and saw 4 of its levels.

You collected 202 gold pieces.

Inventory:

Hand Weapons
 n - a +1 mace of venom (weapon)
Missiles
 m - 34 arrows
 q - a throwing net (quivered)
Jewellery
 h - a ring of stealth (left hand)
Wands
 c - a wand of iceblast (10)
Scrolls
 e - 4 scrolls of teleportation
 g - 2 scrolls of identify
 j - 2 scrolls of amnesia {unknown}
 l - 2 scrolls of blinking
 o - a scroll of enchant weapon {unknown}
 p - a scroll of magic mapping {unknown}
 r - a scroll of enchant armour
 s - a scroll of fog {unknown}
Potions
 d - 2 potions of curing
 f - a potion of flight
 i - a potion of haste
Comestibles
 b - 9 rations


   Skills:
 - Level 1.7 Dodging
 - Level 1.7 Stealth
 + Level 4.2 Spellcasting
 + Level 4.0 Conjurations
 + Level 5.0 Fire Magic


You had 7 spell levels left.
You knew the following spells:

 Your Spells              Type           Power        Failure   Level  Hunger
a - Flame Tongue          Conj/Fire      ###..        2%          1    None
b - Throw Flame           Conj/Fire      ###...       3%          2    ##.....
c - Conjure Flame         Conj/Fire      ###.....     7%          3    ###....

Your spell library contained the following spells:

 Spells                   Type           Power        Failure   Level  Hunger
 Inner Flame              Hex/Fire       ##......     16%         3    ###....
 Sticky Flame             Conj/Fire      ###.....     22%         4    ####...
 Fireball                 Conj/Fire      ###.......   52%         5    ######.


Dungeon Overview and Level Annotations

Branches:
Dungeon (4/15)
 Temple: D:4-7

Altars:
Cheibriados
Dithmenos
Kikubaaqudgha
Qazlal
Uskayaw
Xom
Zin

Shops:
D:4 ?

Annotations:
D:4 2 transporters, Cynry's ghost, amateur HOMo


Innate Abilities, Weirdness & Mutations

Your plain brown scales are hard. (AC +6)
You cannot fit into any form of body armour.
You are cold-blooded and may be slowed by cold attacks.


Message History

The orc wizard hits you with a +4 dagger of speed. x2
* * * LOW HITPOINT WARNING * * *
The orc wizard casts a spell.
The orc wizard blinks!
Okay, then.
Casting: Conjure Flame (safe; 7% risk of failure)
Confirm with . or Enter, or press ? or * to list all spells.
Aiming: Throw Flame (safe; 3% risk of failure)
Press: ? - help, Shift-Dir - straight line, f - orc priest
Aim: an orc priest The puff of flame misses the orc priest.
You feel yourself speed up.
The orc priest mumbles some strange prayers to Beogh against you.
Pain shoots through your body!
* * * LOW HITPOINT WARNING * * *
The orc wizard gestures wildly while chanting.
The orc wizard blinks!
The orc priest invokes the aid of Beogh against you.
Pain shoots through your body!
You die...

..........#
#.##########
#########.#
#..........# # ####.#
##########.# # #....#
#.# # #.#### #.# #
#.########### #.# #
#...........# #.# #
#.#########.# #.# #.#
#@# #.# #># #.# #.# #.#
#o##### #.#
#.#########[ยง...## #.#
#.##....o........# #.#
######.##.##########..#
#.# .....o.o..# #..#
#.# .S..h..#### #..#
##)## .######
#..######.#.##


You could see an orc priest.

Vanquished Creatures
  2 scorpions (D:4)
  An orc priest (D:3)
  2 hounds (D:4)
  An orc wizard (D:4)
  An iguana (D:4)
  2 worker ants (D:4)
  8 adders
  A leopard gecko (D:3)
  12 orcs
  7 giant cockroaches
  11 goblins
  8 hobgoblins
  10 jackals
  2 quokkas
  A ball python (D:3)
  7 bats
  7 frilled lizards
  7 kobolds
  3 rats
93 creatures vanquished.

Notes
Turn   | Place    | Note
-------+----------+-------------------------------------------
     0 | D:1      | Laiders72 the Draconian Fire Elementalist began the quest
                  | for the Orb.
     0 | D:1      | Reached XP level 1. HP: 14/14 MP: 3/3
   371 | D:1      | Reached XP level 2. HP: 20/20 MP: 3/5
  1088 | D:2      | Reached XP level 3. HP: 18/26 MP: 0/6
  1293 | D:2      | Learned a level 2 spell: Throw Flame
  1297 | D:2      | Learned a level 3 spell: Conjure Flame
  1591 | D:2      | Reached XP level 4. HP: 33/33 MP: 5/8
  2602 | D:3      | Reached skill level 4 in Fire Magic
  2935 | D:3      | Reached XP level 5. HP: 5/38 MP: 7/9
  3261 | D:3      | Found a shimmering altar of Xom.
  3425 | D:3      | Found a hide-covered altar of Uskayaw.
  3591 | D:3      | Found a shadowy altar of Dithmenos.
  4052 | D:4      | Found Mesimoum's Magic Scroll Shoppe.
  4067 | D:4      | Found a transporter.
  4067 | D:4      | Noticed Cynry's ghost (amateur HOMo)
  4074 | D:4      | Found a transporter.
  4272 | D:4      | Found a stormy altar of Qazlal.
  4273 | D:4      | Found a glowing silver altar of Zin.
  4275 | D:4      | Found an ancient bone altar of Kikubaaqudgha.
  4276 | D:4      | Found a snail-covered altar of Cheibriados.
  4317 | D:4      | Reached XP level 6. HP: 45/45 MP: 6/11
  4675 | D:4      | Reached skill level 5 in Fire Magic
  4876 | D:4      | Killed from afar by an orc priest

Levels and vault maps discovered:
D:1:      roderic_chinese_lattice_arrival, layout_loops_ring, feat_on_display
D:2:      layout_basic, first_ration
D:3:      layout_rooms, lemuel_round_altar, xom_teletrap_fun,
          lemuel_crystal_altar
D:4:      layout_loops_ring, minitemple, serial_shops, shop,
          gammafunk_ghost_arena, uniq_sigmund

Skill      XL: |  1  2  3  4  5  6 |
---------------+-------------------+-----
Conjurations   | 2 3 4 |  4.0
Spellcasting   | 3 4 |  4.2
Fire Magic     | 4 5 |  5.0
Dodging        | |  1.7
Stealth        | |  1.7

Action                   |  1- 3 |  4- 6 || total
-------------------------+-------+-------++-------
Melee: Short sword       |     5 |       ||     5
       Tailslap          |     6 |    11 ||    17
       Spear             |    25 |       ||    25
       Mace              |    27 |   100 ||   127
 Cast: Flame Tongue      |    31 |     2 ||    33
       Throw Flame       |     6 |    53 ||    59
       Conjure Flame     |       |     4 ||     4
  Use: Scroll            |     1 |     6 ||     7
       Potion            |     1 |     1 ||     2
 Stab: Sleeping          |       |     1 ||     1
  Eat: Chunk             |     3 |    12 ||    15
Armor: Skin              |    16 |    44 ||    60
Dodge: Dodged            |    54 |   114 ||   168

Table legend:
 A = Non-vault XP
 B = Vault XP
 C = Vault XP percentage of total XP
 D = Non-vault monster count
 E = Vault monster count
 F = Vault count percentage of total count
                 A         B        C        D         E       F
            +---------+---------+-------+---------+---------+-------
      Total |     656 |       0 |   0.0 |      93 |       0 |   0.0
            +---------+---------+-------+---------+---------+-------
        D:1 |      33 |       0 |   0.0 |      19 |       0 |   0.0
        D:2 |      97 |       0 |   0.0 |      23 |       0 |   0.0
        D:3 |     132 |       0 |   0.0 |      28 |       0 |   0.0
        D:4 |     394 |       0 |   0.0 |      23 |       0 |   0.0
            +---------+---------+-------+---------+---------+-------
